 Dungeon Crawl Stone Soup version 0.26.1-11-gd32895ea62 (webtiles) character file.

Game seed: 11116251990778344516

676 nomophobia the Chopper (level 7, -15/61 HPs)
             Began as a Minotaur Gladiator on May 18, 2021.
             Killed by divine providence
             ... invoked by an orc priest
              (17 damage)
             ... on level 5 of the Dungeon.
             The game lasted 00:35:36 (3605 turns).

nomophobia the Chopper (Minotaur Gladiator)         Turns: 3605, Time: 00:35:36

Health: -15/61     AC:  9    Str: 21    XL:     7   Next: 33%
Magic:  6/6        EV:  9    Int:  5    God:
Gold:   234        SH:  0    Dex: 11    Spells: 6/6 levels left

rFire    . . .     SeeInvis .   a - +1 war axe
rCold    . . .     Faith    .   (no shield)
rNeg     . . .     Spirit   .   q - +0 chain mail
rPois    .         Reflect  .   c - +0 hat
rElec    .         Harm     .   (no cloak)
rCorr    .         Rampage  .   (no gloves)
Will     .....                  (no boots)
Stlth    ..........             (no amulet)
HPRegen  0.20/turn              (no ring)
MPRegen  0.10/turn              (no ring)

@: no status effects
A: retaliatory headbutt, horns 2
a: no special abilities


You were on level 5 of the Dungeon.
You visited 1 branch of the dungeon, and saw 5 of its levels.

You collected 234 gold pieces.

Inventory:

Hand Weapons
 a - a +1 war axe (weapon)
 i - a +1 whip of electrocution
Missiles
 d - 3 throwing nets (quivered)
Armour
 c - a +0 hat (worn)
 q - a +0 chain mail (worn)
Scrolls
 e - a scroll of random uselessness {unknown}
 f - a scroll of enchant weapon
 j - a scroll of identify
 l - a scroll of immolation {unknown}
 n - a scroll of enchant armour
Potions
 b - 3 potions of lignification {unknown}
 g - 2 potions of resistance {unknown}
 h - a potion of attraction
 k - a potion of haste {unknown}
 m - 3 potions of heal wounds {unknown}
 o - 2 potions of curing
 p - a potion of flight {unknown}
 r - a potion of berserk rage {unknown}


   Skills:
 + Level 5.5 Fighting
 * Level 7.4 Axes
 - Level 2.0 Throwing
 + Level 4.8 Armour
 - Level 3.2 Dodging


You had 6 spell levels left.
You didn't know any spells.
Your spell library was empty.

Dungeon Overview and Level Annotations

Branches:
Dungeon (5/15)
 Temple: D:4-7

Altars:
Trog


Innate Abilities, Weirdness & Mutations

You reflexively headbutt those who attack you in melee.
You have a pair of horns on your head.


Message History

The orc wizard casts a spell at you. The magic dart hits you.
* * * LOW HITPOINT WARNING * * *
The orc warrior barely misses you.
The orc wizard hits you but does no damage.
You hit the orc warrior. Your headbutt misses the orc warrior.
The orc warrior is almost dead.
You barely miss the orc wizard.
The orc wizard gestures wildly while chanting.
The orc wizard blinks!
The orc warrior barely misses you. You furiously retaliate!
You headbutt the orc warrior.
You kill the orc warrior!
The orc wizard casts a spell.
The orc wizard blinks!
The orc priest invokes the aid of Beogh against you.
Pain shoots through your body!
* * * LOW HITPOINT WARNING * * *
The orc priest calls down the wrath of Beogh upon you.
Beogh smites you!
You die...

#..## #..# #...#
##..### ##..##
###.)...## #...# .
##....#...### #...##
.# ###o..####.)...
##†..## ...#
####....## #..o..o
##.....##..#
##.....### #..o.o.
#.........# ##.....##
##.....
.........#####..@.###
##....
........####.....##
##...
........##......##
#..#
...............##
#### ..............##
......##....###
.....####....## ###
....## ##....###..#
..### ###...#)..#


You could see an orc priest.

Vanquished Creatures
  An orc warrior (D:5)
  A centaur (D:5)
  A scorpion (D:5)
  A howler monkey (D:4)
  An orc priest (D:3)
  A bullfrog skeleton (D:5)
  5 worker ants
  An orc wizard (D:5)
  4 gnolls (D:3)
  7 adders
  A shadow imp (D:5)
  An ooze (D:1)
  5 worms
  2 dart slugs (D:1)
  2 leopard geckos
  6 orcs
  8 bats
  8 giant cockroaches
  5 goblins
  7 hobgoblins
  6 jackals (D:2)
  3 quokkas
  3 ball pythons
  5 frilled lizards
  7 kobolds
  7 rats
99 creatures vanquished.

Notes
Turn   | Place    | Note
-------+----------+-------------------------------------------
     0 | D:1      | nomophobia the Minotaur Gladiator began the quest for the
                  | Orb.
     0 | D:1      | Reached XP level 1. HP: 18/18 MP: 0/0
    37 | D:1      | Reached skill level 1 in Armour
    37 | D:1      | Reached XP level 2. HP: 20/25 MP: 1/1
   104 | D:1      | Reached skill level 4 in Axes
   351 | D:1      | Reached XP level 3. HP: 30/31 MP: 2/2
  1228 | D:2      | Reached XP level 4. HP: 39/39 MP: 3/3
  1722 | D:3      | Reached skill level 5 in Axes
  1724 | D:3      | Reached XP level 5. HP: 43/46 MP: 4/4
  2571 | D:4      | Reached skill level 6 in Axes
  2571 | D:4      | Reached XP level 6. HP: 47/53 MP: 5/5
  2770 | D:4      | Found a bloodstained altar of Trog.
  3032 | D:5      | Entered Level 5 of the Dungeon
  3305 | D:5      | Reached skill level 5 in Fighting
  3437 | D:5      | Reached skill level 7 in Axes
  3437 | D:5      | Reached XP level 7. HP: 58/61 MP: 6/6
  3602 | D:5      | HP: 1/61 [orc priest/nerve-wracking pain (8)]
  3605 | D:5      | Killed from afar by an orc priest

Illustrated notes

Levels and vault maps discovered:
D:1:      dpeg_arrival_tiny_a, layout_rooms
D:2:      layout_loops_ring
D:3:      layout_basic, kennysheep_generic_room_13
D:4:      layout_gridville, chequers_serial_rivers_large_b,
          minmay_misc_feat_alley, nrook_mini_vaults, st_stairs_8,
          trog_butcher_becter
D:5:      layout_cave_pods, nrook_mini_backslash

Skill      XL: |  1  2  3  4  5  6 |
---------------+-------------------+-----
Armour         | 1 2 3 4 |  4.8
Axes           | 4 5 6 7 |  7.4
Fighting       | 3 4 5 |  5.5
Throwing       | |  2.0
Dodging        | |  3.2

Action                   |  1- 3 |  4- 6 |  7- 9 || total
-------------------------+-------+-------+-------++-------
Melee: War axe           |    81 |   131 |    17 ||   229
       Headbutt          |    13 |    22 |     5 ||    40
  Use: Scroll            |     3 |     9 |       ||    12
       Potion            |       |       |     1 ||     1
Armor: Leather armour    |     3 |       |       ||     3
       Ring mail         |    21 |    29 |       ||    50
       Chain mail        |       |    34 |    10 ||    44
Dodge: Dodged            |    63 |    85 |     7 ||   155
